AoeStats
← isodam

Enclosed

505616803Analyzed
1v1 RM · 23d ago on Sep 10, 2026· 56m 15s· 2 players
Game mode
Random Map
Map size
Tiny (2 player)
Population
200
Speed
Normal
Resources
Standard
Victory
Conquest
Starting age
Dark Age
Ending age
Imperial Age
RankedLock teamsTeams togetherTeam positionsShared explorationLock speedFull tech treeHidden civsTurbo modeCheats
Victory
Defeat
🇸🇰 Magyars · Slovakia
546
+19
🇫🇷 Vietnamese · France
603
-19
Riki
3:59 Loom
13:27 Feudal Age
20:05 Castle Age
18:13 Double-Bit Axe
18:42 Horse Collar
18:59 Gold Mining
19:29 Stone Mining
21:08 Bow Saw
21:06 Heavy Plow
22:45 Gold Shaft Mining
23:08 Wheelbarrow
29:27 Town Watch
30:00 Arson
29:35 Pikeman
34:39 Imperial Age
32:19 Scale Barding Armor
33:17 Ballistics
33:08 Masonry
33:57 Chain Barding Armor
33:37 Scale Mail Armor
33:38 Padded Archer Armor
33:28 Fletching
33:24 Treadmill Crane
33:54 Corvinian Army
35:56 Hoardings
34:52 Sappers
36:01 Crop Rotation
36:35 Two-Man Saw
35:44 Murder Holes
35:52 Halberdier
35:55 Elite Skirmisher
36:54 Town Patrol
37:32 Plate Barding Armor
38:00 Elite Magyar Huszar
39:14 Leather Archer Armor
39:15 Chain Mail Armor
38:56 Bodkin Arrow
39:34 Capped Ram
40:16 Onager
50:14 Bracer
50:45 Ring Archer Armor
50:23 Siege Engineers
50:09 Heated Shot
isodam
1:39 Loom
12:22 Feudal Age
13:52 Wheelbarrow
12:59 Horse Collar
13:13 Gold Mining
13:14 Stone Mining
13:13 Double-Bit Axe
13:43 Town Watch
20:39 Castle Age
22:38 Stone Shaft Mining
22:18 Bow Saw
22:10 Heavy Plow
22:39 Hand Cart
27:21 Town Patrol
29:08 Elite Skirmisher
29:53 Thumb Ring
31:50 Squires
32:15 Husbandry
32:26 Bloodlines
31:38 Light Cavalry
32:50 Chatras
38:52 Imperial Age
36:40 Treadmill Crane
37:10 Fortified Wall
36:56 Murder Holes
37:22 Ballistics
40:32 Imperial Skirmisher
42:20 Two-Man Saw
41:59 Crop Rotation
42:43 Paper Money
44:46 Elite Battle Elephant
Connection lost

Rejoining the realm…

Still unreachable

The connection could not be restored.

Session expired

The server has moved on; the page needs a fresh start.